 Dungeon Crawl Stone Soup version 0.19.0-18-g426998a (webtiles) character file.

1226 dracos369 the Twirler (level 8, -6/57 HPs)
             Began as a Yellow Draconian Wizard on Nov 11, 2016.
             Was a Follower of Makhleb.
             Killed from afar by an electric eel (14 damage)
             ... with a bolt of electricity
             ... on level 7 of the Dungeon on Nov 12, 2016.
             The game lasted 00:22:02 (5822 turns).

dracos369 the Twirler (Yellow Draconian Wizard)     Turns: 5822, Time: 00:22:03

Health: -6/57      AC: 12    Str: 10    XL:     8   Next: 23%
Magic:  5/12       EV: 12    Int: 23    God:    Makhleb [*.....]
Gold:   86         SH:  0    Dex: 10    Spells: 5 memorised, 3 levels left

rFire  . . .     SeeInvis .     C - +8 whip "Duotyph" {flame, rPois rC+ MR+}
rCold  + . .     Gourm    .     (armour unavailable)
rNeg   . . .     Faith    .     (no shield)
rPois  +         Spirit   .     a - +2 hat
rElec  .         Reflect  .     l - +0 cloak
rCorr  +         Harm     .     (no gloves)
MR     +....                    (no boots)
Stlth  ++........               s - amulet of magic regeneration
                                f - +3 ring of intelligence
                                B - +3 ring of protection

@: very slightly contaminated
A: spit acid, acid resistance, unfitting armour, cold-blooded, AC +6
a: Spit Acid, Renounce Religion


You were on level 7 of the Dungeon.
You worshipped Makhleb.
Makhleb was aware of your devotion.
You were not hungry.

You visited 2 branches of the dungeon, and saw 8 of its levels.
You also visited: Ossuary.

You collected 239 gold pieces.
You spent 153 gold pieces at shops.

Inventory:

Hand Weapons
 k - a +5 quarterstaff of chaos
 C - the +8 whip "Duotyph" (weapon) {flame, rPois rC+ MR+}
   (You found it on level 5 of the Dungeon)

   It has been specially enchanted to burn those struck by it, causing extra
   injury to most foes and up to half again as much damage against particularly
   susceptible opponents.
   It protects you from cold.
   It protects you from poison.
   It affects your resistance to hostile enchantments.
Missiles
 i - 5 throwing nets (quivered)
Armour
 a - a +2 hat (worn)
 l - a +0 cloak (worn)
Jewellery
 f - a +3 ring of intelligence (right hand)
 p - an uncursed ring of ice
 s - an amulet of magic regeneration (around neck)
 B - a +3 ring of protection (left hand)
Wands
 t - a wand of digging (19/24)
Scrolls
 e - 8 scrolls of identify
 n - a scroll of enchant weapon
 v - 3 scrolls of amnesia
 y - a scroll of blinking
 z - a scroll of remove curse
 D - a scroll of teleportation
 E - a scroll of fear
Potions
 d - 3 potions of agility
 g - a potion of lignification
 h - 6 potions of curing
 j - a potion of haste {unknown}
 o - a potion of invisibility {unknown}
 q - a potion of resistance {unknown}
 r - 3 potions of might
 u - 2 potions of flight {unknown}
 A - 2 potions of heal wounds {unknown}
 F - 2 potions of ambrosia {unknown}
 G - a potion of cancellation {unknown}
Books
 b - a book of Minor Magic

   Spells                             Type                      Level
   a - Magic Dart                     Conjuration                  1
   b - Blink                          Translocation                2
   c - Call Imp                       Summoning                    2
   d - Repel Missiles                 Charms/Air                   2
   e - Slow                           Hexes                        2
   f - Conjure Flame                  Conjuration/Fire             3
   g - Mephitic Cloud                 Conjuration/Poison/Air       3
 w - a book of Changes

   Spells                             Type                      Level
   a - Beastly Appendage              Transmutation                1
   b - Sticks to Snakes               Transmutation                2
   c - Spider Form                    Transmutation/Poison         3
   d - Ice Form                       Ice/Transmutation            4
   e - Blade Hands                    Transmutation                5
Comestibles
 c - 5 bread rations
 m - 3 meat rations
 x - 4 fruits


   Skills:
 + Level 5.4(6.6) Maces & Flails
 - Level 5.8(6.8) Staves
 - Level 1.7 Dodging
 - Level 1.7 Stealth
 - Level 3.0 Spellcasting
 - Level 5.5 Conjurations
 - Level 1.0 Summonings
 - Level 1.0 Translocations


You had 3 spell levels left.
You knew the following spells:

 Your Spells              Type           Power        Failure   Level  Hunger
a - Magic Dart            Conj           ####         1%          1    None
b - Blink                 Tloc           N/A          14%         2    ##.....
c - Conjure Flame         Conj/Fire      ###.....     12%         3    ###....
d - Call Imp              Summ           #.......     14%         2    ##.....
u - Repel Missiles        Chrm/Air       #.....       21%         2    ##.....


Dungeon Overview and Level Annotations

Branches:
Dungeon (7/15)             Temple (1/1) D:5

Altars:
Ashenzari
Cheibriados
Elyvilon
Fedhas
Gozag
Hepliaklqana
Kikubaaqudgha
Makhleb
Nemelex Xobeh
Okawaru
Ru
Sif Muna
Trog
Uskayaw
Vehumet
Xom
Yredelemnul
Zin
The Shining One

Shops:
D:6 ?

Annotations:
D:6 Sigmund


Innate Abilities, Weirdness & Mutations

You can spit globs of acid.
You are resistant to acid.
Your golden yellow scales are hard. (AC +6)
You cannot fit into any form of body armour.
You are cold-blooded and may be slowed by cold attacks.


Message History

You feel somewhat more hungry.
The electric eel shoots out a bolt of lightning at you!
The bolt of electricity hits you!
* * * LOW HITPOINT WARNING * * *
Casting: Conjure Flame
Confirm with . or Enter, or press ? or * to list all spells.
Aiming: Conjure Flame
Press: ? - help, Dir - move target cursor, p - electric eel The fire roars!
The orc shouts!
Casting: Conjure Flame
Confirm with . or Enter, or press ? or * to list all spells.
Aiming: Magic Dart
Press: ? - help, Shift-Dir - straight line, f - orc
Aim: an orc, wielding a hand axe
Okay, then.
You have got your breath back.
The electric eel shoots out a bolt of lightning at you!
The bolt of electricity hits you!
You die...
P

..... ≈≈≈≈≈≈
P♣....### ≈ ≈≈≈≈≈
♣≈....... ≈≈ ≈≈≈≈
♣≈..>..# ≈≈≈ ≈≈≈
♣.!....## ≈≈≈≈ ≈≈
♣........
o≈≈≈≈♣≈♣♣♣........
♣≈≈o≈;≈≈♣♣......###
≈≈P≈≈;≈(♣@........
≈♣≈P≈♣≈♣;o(.....##
≈P≈≈≈≈P♣........##
♣ ≈≈≈≈♣..........#
♣P≈≈≈P≈...!......#
.♣≈≈≈♣...........#
..♣≈♣............#
#.#.####.####....#
#.#.............###


You could see an electric eel and an orc.

Vanquished Creatures
  A water moccasin (D:7)
  An ice beast (D:5)
  An ogre (D:5)
  A bullfrog (D:3)
  An electric eel (D:7)
  2 howler monkeys
  A jelly (D:5)
  A centaur zombie (Ossuary)
  Crazy Yiuf (D:2)
  A centaur skeleton (D:7)
  3 orc priests
  4 hounds
  An iguana (D:4)
  3 worker ants
  3 big kobold zombies (Ossuary)
  2 hound zombies
  A hound skeleton (D:4)
  4 mummies (Ossuary)
  A worker ant zombie (D:5)
  6 adders
  A shadow imp (D:5)
  3 worms
  5 leopard geckos
  14 orcs
  3 ball pythons
  9 bats
  5 giant cockroaches
  6 goblins
  4 hobgoblins
  2 jackals (D:2)
  A quokka (D:5)
  6 frilled lizards
  A giant cockroach zombie (D:5)
  A jackal zombie (D:5)
  5 kobolds
  A leopard gecko skeleton (D:5)
  13 rats
  2 rat zombies (D:7)
  A plant (D:7)
122 creatures vanquished.

Vanquished Creatures (others)
  A mummy (Ossuary)
1 creature vanquished.

Grand Total: 123 creatures vanquished

Notes
Turn   | Place    | Note
-------+----------+-------------------------------------------
     0 | D:1      | dracos369 the Draconian Wizard began the quest for the Orb.
     0 | D:1      | Reached XP level 1. HP: 14/14 MP: 4/4
   574 | D:1      | Reached XP level 2. HP: 20/20 MP: 0/6
   846 | D:1      | Learned a level 2 spell: Repel Missiles
   850 | D:1      | Learned a level 2 spell: Blink
  1015 | D:2      | Reached XP level 3. HP: 5/26 MP: 0/7
  1734 | D:2      | Found a runed door.
  1738 | D:2      | Noticed Crazy Yiuf
  1753 | D:2      | Killed Crazy Yiuf
  1753 | D:2      | Reached XP level 4. HP: 20/33 MP: 0/8
  1883 | D:3      | Found a faded altar of an unknown god.
  1889 | D:3      | Became a worshipper of Elyvilon the Healer
  1889 | D:3      | Reached * piety under Elyvilon
  1909 | D:3      | Found a snail-covered altar of Cheibriados.
  1921 | D:3      | Was placed under penance by Elyvilon
  1968 | D:3      | Found a bloodstained altar of Trog.
  1968 | D:3      | Found a sparkling altar of Nemelex Xobeh.
  2079 | D:3      | Fell from the grace of Elyvilon
  2139 | D:3      | Noticed a bullfrog
  2149 | D:3      | Killed a bullfrog
  2149 | D:3      | Reached skill level 5 in Conjurations
  2149 | D:3      | Reached XP level 5. HP: 9/38 MP: 9/9
  2191 | D:3      | Found a shattered altar of Ashenzari.
  2709 | D:4      | Reached skill level 1 in Staves
  2717 | D:4      | Found an ancient bone altar of Kikubaaqudgha.
  2796 | D:4      | Reached XP level 6. HP: 15/45 MP: 10/10
  3233 | D:4      | Learned a level 3 spell: Conjure Flame
  3236 | D:4      | Learned a level 2 spell: Call Imp
  3529 | D:5      | Entered Level 5 of the Dungeon
  3643 | D:5      | Noticed an ice beast
  3661 | D:5      | Killed an ice beast
  3661 | D:5      | Your scales start taking on a golden yellow colour.
  3661 | D:5      | Reached XP level 7. HP: 50/50 MP: 3/11
  3748 | D:5      | Reached skill level 5 in Staves
  4015 | D:5      | Found a staircase to the Ecumenical Temple.
  4022 | Temple   | Entered the Ecumenical Temple
  4180 | Temple   | Became a worshipper of Makhleb the Destroyer
  4404 | D:5      | Got an encrusted whip
  4405 | D:5      | Identified the +8 whip "Duotyph" {flame, rPois rC+ MR+} (You found it on level 5 of the Dungeon)
  4430 | D:5      | Found a sacrificial altar of Ru.
  4708 | D:5      | Reached skill level 1 in Maces & Flails
  4871 | D:6      | Found Okovoal's Magic Scroll Shop.
  4887 | D:6      | Bought a scroll of fear for 38 gold pieces
  4887 | D:6      | Bought a scroll of remove curse for 33 gold pieces
  4887 | D:6      | Bought a scroll of enchant armour for 82 gold pieces
  4909 | D:6      | Found an iron altar of Okawaru.
  4953 | D:6      | Found a deep blue altar of Sif Muna.
  4995 | D:6      | Noticed Sigmund
  5252 | D:7      | Found a glowing golden altar of the Shining One.
  5318 | D:7      | Found a sand-covered staircase.
  5326 | Ossuary  | Entered an ossuary
  5343 | Ossuary  | Reached XP level 8. HP: 16/57 MP: 12/12
  5797 | D:7      | Reached skill level 5 in Maces & Flails
  5798 | D:7      | Reached * piety under Makhleb
  5822 | D:7      | Killed from afar by an electric eel

Skill      XL: |  1  2  3  4  5  6  7  8 |
---------------+-------------------------+-----
Conjurations   | 2 3 4 5 |  5.5
Staves         | 2 4 5 |  5.8
Maces & Flails | 4 5 |  5.4
Dodging        | |  1.7
Stealth        | |  1.7
Spellcasting   | |  3.0
Summonings     | |  1.0
Translocations | |  1.0

Action                   |  1- 3 |  4- 6 |  7- 9 || total
-------------------------+-------+-------+-------++-------
Melee: Mace              |    50 |       |       ||    50
       Unarmed           |     3 |       |       ||     3
       Tailslap          |     7 |    10 |     9 ||    26
       Quarterstaff      |       |   126 |    27 ||   153
       Whip              |       |       |   113 ||   113
 Cast: Magic Dart        |    76 |    18 |    19 ||   113
       Repel Missiles    |     1 |       |     1 ||     2
       Conjure Flame     |       |     3 |     5 ||     8
       Call Imp          |       |       |     3 ||     3
Invok: Renounce Religion |       |     1 |       ||     1
 Abil: Spit Acid         |       |       |     3 ||     3
  Use: Scroll            |     6 |     6 |     3 ||    15
       Potion            |       |     1 |     4 ||     5
 Stab: Sleeping          |       |       |     2 ||     2
  Eat: Chunk             |     2 |     5 |     5 ||    12
       Beef jerky        |       |     1 |       ||     1
       Meat ration       |       |       |     1 ||     1
Armor: Skin              |    22 |    38 |    61 ||   121
Dodge: Dodged            |    81 |    72 |    81 ||   234
       Deflected         |       |     1 |     2 ||     3
